 Dungeon Crawl Stone Soup version 0.14-a0-1474-g1105da3 (webtiles) character file.

235 Khlestharos the Grave Robber (level 5, -7/33 HPs)
             Began as an Octopode Necromancer on Dec 15, 2013.
             Mangled by an iguana (15 damage)
             ... on Level 3 of the Dungeon.
             The game lasted 00:19:57 (1427 turns).

Khlestharos the Grave Robber (Octopode Necromancer) Turns: 1427, Time: 00:19:57

HP  -7/33        AC  1     Str  8      XL: 5   Next: 15%
MP  18/18        EV 13     Int 18      God:
Gold 103         SH  0     Dex 12      Spells:  2 memorised,  6 levels left

rFire  + . .     SeeInvis .       - Unarmed
rCold  . . .     Clarity  .     (no shield)
rNeg   . . .     Conserve .     (helmet restricted)
rPois  .         rCorr    .     (no amulet)
rElec  .         rRot     .     r - ring of magical power
SustAb . .       Spirit   .     s - ring of protection from fire
rMut   .         Warding  .     (no ring)
Saprov . . .     Stasis   .     (no ring)
                                (no ring)
                                (no ring)
                                (no ring)
                                (no ring)

@: slightly resistant to hostile enchantments, quite stealthy
A: almost no armour, amphibious, 8 rings, constrict 8, camouflage 1, gelatinous
body 1
a: no special abilities


You were on level 3 of the Dungeon.
You were hungry.

You visited 1 branch of the dungeon, and saw 3 of its levels.

You collected 103 gold pieces.

Inventory:

Comestibles
 c - 5 bread rations
 h - a rotting chunk of rat flesh
 p - 18 sultanas
 q - a meat ration
Scrolls
 g - a scroll of remove curse {unknown}
 i - a scroll of immolation
 l - a scroll of enchant weapon II
 n - 2 scrolls of identify
Jewellery
 r - a ring of magical power (left tentacle)
 s - a ring of protection from fire (right tentacle)
Potions
 a - a potion of curing
 d - a potion of might {unknown}
 e - a potion of cure mutation {unknown}
 f - a potion of restore abilities {unknown}
 o - a potion of speed {unknown}
Books
 b - a book of Necromancy

   Spells                             Type                      Level
   *Pain                              Necromancy                   1
   *Animate Skeleton                  Necromancy                   1
   Lethal Infusion                    Charms/Necromancy            2
   Vampiric Draining                  Necromancy                   3
   Regeneration                       Charms/Necromancy            3
   Animate Dead                       Necromancy                   4
   Control Undead                     Necromancy                   4


   Skills:
 * Level 1.1 Fighting
 * Level 3.6 Dodging
 + Level 3.3 Stealth
 * Level 1.3 Unarmed Combat
 + Level 2.2 Spellcasting
 + Level 4.5 Necromancy


You had 6 spell levels left.
You knew the following spells:

 Your Spells              Type           Power        Failure   Level  Hunger
a - Pain                  Necr           ###.         2%          1    #......
b - Animate Skeleton      Necr           N/A          2%          1    #......


Dungeon Overview and Level Annotations

Branches:
Dungeon (3/16)

Altars:


Innate Abilities, Weirdness & Mutations

You cannot wear most types of armour.
You are amphibious.
You can wear up to eight rings at the same time.
You can use your tentacles to constrict many enemies at once.
Your skin changes colour to match your surroundings (Stlth).
Your rubbery body absorbs attacks (AC +1).


Message History

There is an open door here.
You feel sick.
You feel better.
You open the door.
An iguana comes into view.
There is an open door here.
You barely miss the iguana. Your grab misses the iguana.
Your squeeze misses the iguana. The iguana bites you.
* * * LOW HITPOINT WARNING * * *
You barely miss the iguana. Your grab misses the iguana.
You squeeze the iguana.
The iguana is moderately wounded.
The iguana closely misses you.
You hit the iguana but do no damage. You grab the iguana.
The iguana is moderately wounded.
You constrict the iguana. The iguana closely misses you.
You hit the iguana but do no damage.
The iguana is moderately wounded.
You constrict the iguana. The iguana bites you!
You die...

####+#####
#........#
+........#
#........#
#........#
#...@l...#
###'######
#.# #.# #.#
#.# #.#
###########
#.#
..........#
#.#


You could see an iguana.

Vanquished Creatures
  A worker ant (D:3)
  7 adders
  A giant mite (D:1)
  A giant gecko (D:2)
  An orc (D:3)
  5 bats
  2 giant cockroaches
  4 hobgoblins
  4 kobolds
  3 giant newts
  5 goblins
  8 rats
42 creatures vanquished.

Notes
Turn   | Place    | Note
--------------------------------------------------------------
     0 | D:1      | Khlestharos, the Octopode Necromancer, began the quest for the Orb.
     0 | D:1      | Reached XP level 1. HP: 11/11 MP: 3/3
   275 | D:1      | Reached XP level 2. HP: 15/17 MP: 2/4
   649 | D:2      | Reached XP level 3. HP: 19/21 MP: 4/6
   863 | D:2      | HP: 1/22 [goblin/club (1)]
   929 | D:3      | Reached XP level 4. HP: 2/27 MP: 5/7
  1039 | D:3      | Reached skill level 1 in Unarmed Combat
  1140 | D:3      | Reached skill level 1 in Fighting
  1151 | D:3      | Learned a level 1 spell: Animate Skeleton
  1363 | D:3      | Reached XP level 5. HP: 8/33 MP: 9/9
  1427 | D:3      | Mangled by an iguana

Action                   |  1- 3 |  4- 6 || total
-------------------------+-------+-------++-------
Melee: Unarmed           |    71 |    47 ||   118
 Cast: Pain              |    11 |    12 ||    23
  Use: Potion            |     1 |     2 ||     3
       Scroll            |       |     6 ||     6
 Stab: Sleeping          |     5 |     1 ||     6
